 Dungeon Crawl Stone Soup version 0.29.0-13-gc9e81de378 (webtiles) character file.

Game seed: 9416879963788589393

352 gelatine the Chucker (level 7, 0/57 HPs)
             Began as a Meteoran Brigand on Sept 7, 2022.
             Was an Initiate of Gozag.
             Slain by an orc
             ... wielding a +0 club
              (3 damage)
             ... on level 4 of the Dungeon.
             The game lasted 00:12:10 (1733 turns).

gelatine the Chucker (Meteoran Brigand)             Turns: 1733, Time: 00:12:12

Health: 0/57       AC:  8    Str: 13    XL:     7   Next: 16%
Magic:  8/8        EV: 11    Int: 13    God:    Gozag
Gold:   312        SH:  0    Dex: 17    Spells: 6/6 levels left

rFire   . . .      SeeInvis .   o - +1 dagger (vamp)
rCold   . . .      Faith    .   (no shield)
rNeg    . . .      Spirit   .   h - +0 ring mail
rPois   .          Reflect  .   (no helmet)
rElec   .          Harm     .   c - +0 cloak
rCorr   .          Rampage  .   B - +1 pair of gloves
Will    .....                   (no boots)
Stlth   +.........              (no amulet)
HPRegen 0.19/turn               D - ring of wizardry
MPRegen 0.11/turn               (no ring)

@: gold aura, glowing
A: sense surroundings 1, otherworldly, glowing, explore regen
a: Renounce Religion, Potion Petition, Call Merchant, Bribe Branch


You were on level 4 of the Dungeon.
You worshipped Gozag.
Gozag was aware of your devotion.
You visited 1 branch of the dungeon, and saw 4 of its levels.

You collected 312 gold pieces.

Inventory:

Hand Weapons
 a - a +2 dagger
 f - a +0 long sword
 o - a +1 vampiric dagger (weapon)
Missiles
 d - 11 poisoned darts (quivered)
Armour
 b - a +0 robe
 c - a +0 cloak (worn)
 g - a +0 leather armour
 h - a +0 ring mail (worn)
 q - a +0 chain mail
 w - a +0 plate armour
 B - a +1 pair of gloves (worn)
Jewellery
 D - a ring of wizardry (left hand)
Wands
 A - a wand of mindburst (10)
 C - a wand of light (5)
Scrolls
 i - 2 scrolls of poison {unknown}
 j - 3 scrolls of identify {unknown}
 n - a scroll of magic mapping {unknown}
 p - 4 scrolls of teleportation {unknown}
 t - 2 scrolls of enchant weapon {unknown}
 u - a scroll of fear {unknown}
 v - 2 scrolls of amnesia {unknown}
 y - a scroll of blinking {unknown}
Potions
 k - a potion of mutation {unknown}
 l - a potion of resistance {unknown}
 m - a potion of heal wounds {unknown}
 r - a potion of degeneration {unknown}
 s - a potion of cancellation {unknown}
 x - a potion of brilliance {unknown}
 z - a potion of magic {unknown}
 E - a potion of lignification {unknown}


   Skills:
 + Level 3.1 Fighting
 + Level 3.8 Short Blades
 + Level 4.7 Throwing
 + Level 2.3 Armour
 + Level 2.7 Dodging
 + Level 3.6 Stealth
 + Level 0.9 Evocations


You had 6 spell levels left.
You didn't know any spells.
Your spell library contained the following spells:

 Spells                   Type           Power      Damage    Failure   Level
 Beastly Appendage        Tmut           0%         N/A       26%         1
 Wereblood                Tmut           0%         N/A       36%         2
 Spider Form              Tmut/Pois      0%         N/A       58%         3
 Summon Guardian Golem    Hex/Summ       0%         N/A       58%         3
 Animate Armour           Summ/Erth      0%         N/A       92%         4
 Blade Hands              Tmut           0%         N/A       99%         5
 Iron Shot                Conj/Erth      0%         9d1       100%        6
 Orb of Destruction       Conj           0%         9d5       100%        7
 Spellforged Servitor     Conj/Summ      0%         N/A       100%        7


Dungeon Overview and Level Annotations

Branches:
Dungeon (4/15) Zot: 718
 Temple: D:4-7

Altars:
Gozag
Trog
Vehumet

Shops:
D:1 (


Innate Abilities, Weirdness & Mutations

You passively map a small area around you.
You are easily found by Zot.
You glow in the dark.
You regain HP and MP as you explore.


Message History

You hit the orc wizard.
The orc wizard is almost dead.
The phantom barely misses you. The orc hits you but does no damage.
The orc barely misses you.
The orc wizard hits you with a +0 dagger.
The kobold closely misses you.
You closely miss the orc wizard.
The orc wizard is almost dead.
The phantom hits you. The orc misses you. The kobold misses you.
The goblin hits you but does no damage. The orc hits you with a +0 flail.
* * * LOW HITPOINT WARNING * * *
The orc wizard closely misses you.
You hit the orc wizard.
You feel better.
You kill the orc wizard!
The orc barely misses you. The orc hits you with a +0 club.
* * * LOW HITPOINT WARNING * * *
The kobold hits you but does no damage. The goblin barely misses you.
The phantom hits you.
* * * LOW HITPOINT WARNING * * *
Aiming: Mindburst
Press: ? - help, Q - select action, (/) - cycle Shift-Dir - straight line, f - kobold
Aim: a kobold, wielding a +0 short sword (chance to affect: 83%)
The kobold's mind is blasted!!
You blow up the kobold!
The orc is distracted by your dazzling golden aura.
The goblin hits you but does no damage.
The phantom is distracted by your dazzling golden aura.
The orc hits you but does no damage.
Aiming: Mindburst
Press: ? - help, Q - select action, (/) - cycle Shift-Dir - straight line, f - orc
Aim: an orc, wielding a +0 flail (chance to affect: 83%)
The orc is no longer distracted by gold.
The orc's mind is blasted!
You blow up the orc!
The phantom is no longer distracted by gold.
The goblin hits you with a +0 flail!
* * * LOW HITPOINT WARNING * * *
The phantom misses you. The orc hits you with a +0 club.
You die...
Your body crumbles into a pile of gold.

.........#.####.#### *
..(###.#.#......#..# .
,.#..$..........# ...
...............## ,
....#.......#.......# *
..K#.......##......#
.##..(.............#####
..........)g......##.#.##
..........)@......#.....#
#.....$.o$W...........# ,
#.........<..#.......#
$...[#.$......#####.....#
* ...,
#.....(.#...#.....## .,,
#$..>.$$#......#### * ,
*#..$..(...........## ,
,,.....(##...........# ,,
#..[.#.......#.#...#


You could see a phantom, an orc and a goblin.

Vanquished Creatures
  An ogre (D:4)
  A centaur zombie (D:4)
  2 orc priests (D:3)
  An iguana (D:3)
  2 orc wizards
  A hound zombie (D:4)
  3 adders
  An adder skeleton (D:4)
  A worm (D:4)
  3 dart slugs
  9 orcs
  4 ball pythons
  3 bats
  5 endoplasms
  A giant cockroach (D:3)
  3 goblins
  3 hobgoblins
  4 jackals
  2 quokkas
  2 frilled lizards
  5 kobolds
  5 rats
62 creatures vanquished.

Vanquished Creatures (others)
  11 plants (D:2)
  6 withered plants (D:4)
17 creatures vanquished.

Grand Total: 79 creatures vanquished

Notes
Turn   | Place    | Note
-------+----------+-------------------------------------------
     0 | D:1      | gelatine the Meteoran Brigand began the quest for the Orb.
     0 | D:1      | Reached XP level 1. HP: 17/17 MP: 2/2
   106 | D:1      | Reached XP level 2. HP: 21/24 MP: 3/3
   432 | D:1      | Found Ufiachid's Weapon Boutique.
   503 | D:1      | Glimpsed the power of Zot.
   553 | D:1      | Glimpsed the power of Zot.
   578 | D:2      | Reached XP level 3. HP: 17/30 MP: 4/4
   670 | D:2      | Reached skill level 3 in Throwing
   823 | D:2      | Reached XP level 4. HP: 26/37 MP: 5/5
   931 | D:2      | Found a faded altar of an unknown god.
   946 | D:2      | Prayed at the altar of an unknown god.
   946 | D:2      | Became a worshipper of Gozag Ym Sagoz the Greedy
  1116 | D:2      | Glimpsed the power of Zot.
  1187 | D:3      | Reached XP level 5. HP: 34/42 MP: 6/6
  1276 | D:3      | Reached XP level 6. HP: 28/50 MP: 7/7
  1452 | D:3      | Found a large runed translucent door.
  1455 | D:3      | Found a large runed translucent door.
  1478 | D:3      | Found a radiant altar of Vehumet.
  1496 | D:3      | Found a bloodstained altar of Trog.
  1575 | D:4      | Noticed an ogre
  1591 | D:4      | Killed an ogre
  1592 | D:4      | Reached skill level 4 in Throwing
  1592 | D:4      | Reached skill level 1 in Armour
  1653 | D:4      | Reached XP level 7. HP: 14/57 MP: 8/8
  1733 | D:4      | Slain by an orc

Illustrated notes

Levels and vault maps discovered:
D:1:      minmay_arrival_radiant_lines, layout_loops_ring, serial_shops, shop,
          dreamdust_princess_corridor
D:2:      layout_loops_ring, shapermc_ecumenical_altar_mp_ritualfount,
          wad_orctagon
D:3:      layout_loops_cross, jmf_multi_god_temple2, minmay_misc_feat_five
D:4:      layout_cave_pools, grunt_temple_overflow_order_and_chaos_2,
          serial_undead, serial_undead_e, serial_undead_a, serial_undead_b,
          serial_undead_d, serial_undead_a, serial_undead_d, serial_undead_a,
          serial_undead_d, serial_undead_e, serial_undead_b

Skill      XL: |  1  2  3  4  5  6 |
---------------+-------------------+-----
Stealth        | 3 |  3.6
Throwing       | 3 4 |  4.7
Dodging        | 2 |  2.7
Short Blades   | 3 |  3.8
Fighting       | 3 |  3.1
Armour         | 2 |  2.3
Evocations     | |  0.9

Action                   |  1- 3 |  4- 6 |  7- 9 || total
-------------------------+-------+-------+-------++-------
Melee: Dagger            |    89 |   120 |    43 ||   252
       Punch             |     1 |     2 |       ||     3
Throw: Dart              |    17 |    46 |     6 ||    69
Evoke: Wand              |       |    12 |     2 ||    14
  Use: Potion            |     3 |       |       ||     3
 Stab: Invisible         |       |     1 |       ||     1
Armor: Robe              |    16 |       |       ||    16
       Ring mail         |     4 |    93 |    37 ||   134
Dodge: Dodged            |    40 |    99 |    32 ||   171
